 Dungeon Crawl Stone Soup version 0.21.0 (webtiles) character file.

9021 tidbits the Covert (level 11, 49/49 HPs)
             Began as a Felid Earth Elementalist on Jan 6, 2018.
             Was a High Priest of Wu Jian.
             Quit the game on level 2 of the Lair of Beasts.
             The game lasted 01:36:51 (8294 turns).

tidbits the Covert (Felid Earth Elementalist)       Turns: 8294, Time: 01:36:51

Health: 49/49      AC:  3    Str:  8    XL:     11   Next: 17%
Magic:  23/23      EV: 25    Int: 20    God:    Wu Jian [*****.]
Gold:   1032       SH:  0    Dex: 18    Spells: 6/25 levels left
                                        Lives:  0   Deaths: 2

rFire    x . .     SeeInvis +     - Unarmed
rCold    + + .     Gourm    .   (shield unavailable)
rNeg     . . .     Faith    .   (armour unavailable)
rPois    +         Spirit   .   (helmet unavailable)
rElec    +         Reflect  .   (cloak unavailable)
rCorr    .         Harm     .   (gloves unavailable)
MR       ++...                  (boots unavailable)
Stlth    ++++++....             p - amulet of magic regeneration
HPRegen  0.16/turn              e - ring "Soaty" {rElec Int+2 Dex+2 SInv}
MPRegen  0.43/turn              I - ring of ice

@: quick
A: very small, no armour, no weapons or thrown items, stealth, claws 1, fangs 3,
see invisible, carnivore, speed 1, magic resistance 1, poison resistance, shaggy
fur 3, slow metabolism 1, sharp paws
a: Wall Jump, Serpent's Lash, Heavenly Storm, Renounce Religion


You were on level 2 of the Lair of Beasts.
You worshipped Wu Jian.
Wu Jian was extremely pleased with you.
You were not hungry.

You visited 4 branches of the dungeon, and saw 21 of its levels.
You also visited: Labyrinth and Sewer.

You collected 1202 gold pieces.
You spent 170 gold pieces at shops.

Inventory:

Missiles
 b - 263 stones
 g - 158 arrows
Jewellery
 e - the ring "Soaty" (left paw) {rElec Int+2 Dex+2 SInv}
   (You acquired it on level 6 of the Dungeon)

   [ring of intelligence]

   It affects your intelligence (+2).
   It affects your dexterity (+2).
   It insulates you from electricity.
   It lets you see invisible.
 h - an uncursed ring of protection from fire
   (You found it on level 1 of the Dungeon)
 p - an amulet of magic regeneration (around neck)
   (You found it on level 5 of the Dungeon)
 q - an uncursed ring of positive energy
   (You found it in a labyrinth)
 A - the amulet "Nilod" {*Slow +Rage rC- rN+++ Str+6}
   (You acquired it on level 12 of the Dungeon)

   [amulet of rage]

   It affects your strength (+6).
   It makes you vulnerable to cold.
   It renders you almost immune to negative energy.
   It lets you go berserk.
   It may slow you when you take damage.
 B - a +3 ring of intelligence
   (You found it on level 9 of the Dungeon)
 I - a ring of ice (right paw)
   (You found it on level 3 of the Lair of Beasts)
 M - a cursed amulet of rage
   (You found it on level 5 of the Lair of Beasts)
 X - a +3 ring of dexterity
   (You found it on level 2 of the Dungeon)
Wands
 m - a wand of paralysis (10)
 u - a wand of enslavement (19)
 w - a wand of random effects (25)
 x - a wand of acid (10)
 D - a wand of clouds (11)
 F - a wand of flame (69)
 O - a wand of iceblast (23)
Scrolls
 a - 6 scrolls of teleportation
 j - 3 scrolls of immolation
 l - a scroll of fear
 n - a scroll of random uselessness {unknown}
 r - 7 scrolls of remove curse
 y - 3 scrolls of enchant weapon {unknown}
 z - a scroll of blinking
 G - a scroll of torment
 J - 2 scrolls of noise {unknown}
 K - a scroll of summoning
 N - 4 scrolls of magic mapping
 P - a scroll of amnesia
Potions
 f - 3 potions of berserk rage
 i - 4 potions of curing
 o - 3 potions of brilliance
 s - 3 potions of heal wounds
 t - 3 potions of might
 v - 2 potions of haste
 C - a potion of lignification {unknown}
 E - 2 potions of mutation {!q}
 R - 4 potions of cancellation {unknown}
 S - a potion of resistance
 U - a potion of agility
Books
 d - a book of Geomancy

   Spells                             Type                      Level
   a - Sandblast                      Earth                        1
   b - Passwall                       Transmutation/Earth          2
   c - Stone Arrow                    Conjuration/Earth            3
   d - Petrify                        Transmutation/Earth          4
   e - Lee's Rapid Deconstruction     Earth                        5
 k - a book of Misfortune
   (You found it on level 2 of the Dungeon)

   Spells                             Type                      Level
   a - Confusing Touch                Hexes                        1
   b - Confuse                        Hexes                        3
   c - Gell's Gravitas                Translocation                3
   d - Petrify                        Transmutation/Earth          4
   e - Metabolic Englaciation         Hexes/Ice                    5
   f - Yara's Violent Unravelling     Hexes/Transmutation          5
 L - a book of Clouds
   (You found it on level 4 of the Lair of Beasts)

   Spells                             Type                      Level
   a - Poisonous Vapours              Poison/Air                   2
   b - Mephitic Cloud                 Conjuration/Poison/Air       3
   c - Conjure Flame                  Conjuration/Fire             3
   d - Freezing Cloud                 Conjuration/Ice/Air          6
   e - Ring of Flames                 Charms/Fire                  7
 Q - the Grimoire of Beguiling
   (You acquired it on level 5 of the Lair of Beasts)

   Spells                             Type                      Level
   a - Corona                         Hexes                        1
   b - Inner Flame                    Hexes/Fire                   3
   c - Leda's Liquefaction            Hexes/Earth                  4
   d - Yara's Violent Unravelling     Hexes/Transmutation          5
 T - a book of Minor Magic
   (You found it on level 6 of the Lair of Beasts)

   Spells                             Type                      Level
   a - Magic Dart                     Conjuration                  1
   b - Blink                          Translocation                2
   c - Call Imp                       Summoning                    2
   d - Slow                           Hexes                        2
   e - Conjure Flame                  Conjuration/Fire             3
   f - Mephitic Cloud                 Conjuration/Poison/Air       3
Miscellaneous
 H - a crystal ball of energy
Comestibles
 c - 20 rations


   Skills:
 - Level 6.5 Fighting
 - Level 9.1 Dodging
 - Level 13.2 Stealth
 - Level 10.8 Unarmed Combat
 + Level 7.6 Spellcasting
 - Level 2.3 Conjurations
 - Level 6.8 Hexes
 - Level 7.1 Transmutations
 - Level 2.3 Air Magic
 - Level 7.1 Earth Magic
 - Level 2.2 Poison Magic
 - Level 3.7 Evocations


You had 6 spell levels left.
You knew the following spells:

 Your Spells              Type           Power        Failure   Level  Hunger
a - Sandblast             Erth           #####.       1%          1    None
c - Confuse               Hex            ####....     1%          3    None
e - Petrify               Tmut/Erth      #####...     4%          4    ###....
m - Mephitic Cloud        Conj/Pois/Air  ###.....     11%         3    None
p - Passwall              Tmut/Erth      #####.....   1%          2    None
t - Confusing Touch       Hex            ####..       1%          1    None
D - Lee's Rapid Deconstr  Erth           #####.....   13%         5    #####..


Dungeon Overview and Level Annotations

Branches:
Dungeon (12/15)            Temple (1/1) D:4            Lair (6/6) D:8
 Shoals (0/4) Lair:2        Snake (0/4) Lair:2        Slime (0/5) Lair:5
    Orc (2/2) D:10            Elf (0/3) Orc:2

Altars:
Ashenzari
Dithmenos
Elyvilon
Fedhas
Gozag
Kikubaaqudgha
Makhleb
Okawaru
Qazlal
Ru
Sif Muna
Trog
Vehumet
Wu Jian
Xom
Yredelemnul
Beogh
Jiyva

Shops:
D:5 (   D:8 (   Orc:1 (   Orc:2 [

Annotations:
D:4 raph's ghost, novice HuIE
Lair:3 2 transporters, exclusion: 2 oklob plants
Lair:5 1 runed door


Innate Abilities, Weirdness & Mutations

You cannot wear armour.
You are incapable of wielding weapons or throwing items.
Your paws allow you to move quietly. (Stealth)
You have sharp claws.
You have razor-sharp teeth.
You have supernaturally acute eyesight. (SInv)
You are carnivorous and can eat meat at any time.
You cover ground quickly.
Your thick and shaggy fur keeps you warm. (AC +3, rC+)
You have a slow metabolism.
Your sharp claws are effective at attacking unaware monsters.
You are resistant to hostile enchantments. (MR+)
Your system is resistant to poisons. (rPois)


Message History

You see here 12 gold pieces.
You now have 1004 gold pieces (gained 12).
Found a wand of flame (21).
Found a scroll of teleportation. 3 nagas come into view.
Found a staircase to the Snake Pit.
A naga comes into view. It is wielding a battleaxe.
The naga shouts!
You hear a shout!
The naga moves out of view.
Found a potion of berserk rage.
A water moccasin comes into view.
The water moccasin hisses angrily.
The water moccasin moves out of view.
Found a scroll of remove curse.
You see here a wand of flame (21).
F - a wand of flame (69) (gained 21 charges)
A wolf comes into view.
You see here a scroll of teleportation.
a - 6 scrolls of teleportation (gained 1)
Found a runed ring mail.
You see here a potion of berserk rage.
f - 3 potions of berserk rage (gained 1)
The water moccasin misses you. The water moccasin bites you.
* * * LOW HITPOINT WARNING * * *
The water moccasin completely misses you.
There is a stone staircase leading up here.
You spin and attack the water moccasin.
You closely miss the water moccasin. The water moccasin misses you.
You spin and attack the water moccasin.
You claw the water moccasin!
You bite the water moccasin, but do no damage.
The water moccasin is moderately wounded.
The water moccasin misses you.
There is a stone staircase leading down here.
You spin and attack the water moccasin.
You claw the water moccasin! You claw the water moccasin.
The water moccasin is almost dead.
The water moccasin completely misses you.
You spin and attack the water moccasin.
You closely miss the water moccasin. Your bite misses the water moccasin.
The water moccasin is almost dead.
The water moccasin misses you.
The water moccasin completely misses you.
There is a stone staircase leading down here.
You spin and attack the water moccasin.
You scratch the water moccasin.
The water moccasin is almost dead.
The water moccasin completely misses you.
You spin and attack the water moccasin.
You barely miss the water moccasin.
The water moccasin is almost dead.
The water moccasin bites you!
* * * LOW HITPOINT WARNING * * *
There is a stone staircase leading down here.
You spin and attack the water moccasin.
You scratch the water moccasin.
You kill the water moccasin!
The Council accepts your kill.
Found 11 gold pieces.
You see here 11 gold pieces.
You now have 1015 gold pieces (gained 11).
Found 17 gold pieces.
You see here 17 gold pieces.
You see here 17 gold pieces.
You now have 1032 gold pieces (gained 17).
Found a scroll of identify.
Unknown command.
You see here a scroll of identify.
As you read the scroll of identify, it crumbles to dust.
P - a scroll of amnesia
Casting: Confuse
Confirm with . or Enter, or press ? or * to list all spells.
Which direction?
This rock feels extremely deep.
Unknown command.
Casting: Passwall
Confirm with . or Enter, or press ? or * to list all spells.
Which direction?
You begin to meditate on the wall.
You continue meditating on the rock. x3
You finish merging with the rock.
Unknown command. 3 merfolk come into view.
A merfolk is wielding a trident of venom.
The merfolk completely misses you.
The merfolk shouts!
Found a staircase to the Shoals.
You hear a shout! x2
The merfolk hits you with a trident!
* * * LOW HITPOINT WARNING * * *
Casting: Passwall
Confirm with . or Enter, or press ? or * to list all spells.
Aiming: Petrify
Press: ? - help, Shift-Dir - straight line, f - merfolk
Aim: a merfolk, wielding a trident (chance to defeat MR: 47%)
The merfolk is moving more slowly.
The merfolk completely misses you.
You catch the helpless merfolk completely off-guard!
You mangle the merfolk!! You claw the merfolk, but do no damage.
The merfolk is moderately wounded.
The merfolk hits you from afar with a trident of venom!!
You die...
You are now level 11!
You rejoin the land of the living... 3 wolves come into view.
Are you sure you want to abandon this character and quit the game? (Confirm with "yes".)

......# ....#.
.##...# ..##...
..#.. ## ...# ?.# ##
..###..# .#..##### #
..##.... ..h.hh..#.#
..#...........N.@.#
..............h....#
....#..######.#..###
...##[..###.P ##.#
...#........ ...
........... ..P
.......# . ###
.......# ......P#


You could see a naga (wandering) and 4 wolves.

Vanquished Creatures
  Gastronok (D:8)
  Nessos (Lair:6)
  An ettin (Orc:2)
  A minotaur (Lab)
  Erolcha (D:11)
  2 hydras
  A catoblepas (Lair:6)
  3 two-headed ogres
  A manticore (Lair:6)
  An oklob plant (Lair:3)
  4 black mambas
  Psyche (D:8)
  A torpor snail (Lair:6)
  13 spiny frogs
  4 centaur skeletons
  2 komodo dragons (Lair:3)
  A rime drake (Lair:4)
  A polar bear (Lair:3)
  Prince Ribbit (D:7)
  10 hippogriffs
  Sigmund (D:2)
  2 wyverns
  9 yaks (Lair:6)
  Grum (Lair:1)
  4 basilisks
  2 wargs
  8 water moccasins
  10 orc warriors
  4 porcupines
  3 sky beasts
  An eye of draining (D:10)
  An ice beast (D:11)
  A phantom (D:10)
  4 ogres
  9 wolves
  2 centaurs
  9 crocodiles
  4 big kobolds
  3 bullfrogs
  3 scorpions
  A water moccasin skeleton (D:5)
  4 killer bees (D:10)
  A howler monkey (D:5)
  3 electric eels (D:9)
  4 crimson imps
  3 hounds
  2 quasits
  A bullfrog zombie (D:12)
  2 jellies
  5 orc priests
  9 orc wizards
  9 worker ants
  4 iguanas
  A hound zombie (D:9)
  A hound skeleton (D:9)
  A worker ant zombie (D:10)
  9 gnolls
  7 river rats (Sewer)
  9 adders
  3 shadow imps
  An ooze (Sewer)
  2 worms (D:5)
  A dart slug (D:5)
  2 leopard geckos
  43 orcs
  9 bats
  3 giant cockroaches
  9 goblins
  4 hobgoblins (D:1)
  4 jackals (D:8)
  31 kobolds
  2 quokkas
  2 ball pythons (Sewer)
  2 frilled lizards
  A quokka skeleton (D:4)
  A quokka zombie (D:8)
  19 rats
  A fungus (D:8)
348 creatures vanquished.

Vanquished Creatures (collateral kills)
  An orc sorcerer (Orc:1)
  An orc warrior (Orc:1)
  A killer bee (D:10)
  2 orc wizards (Orc:1)
  5 orcs (Orc:1)
10 creatures vanquished.

Vanquished Creatures (others)
  An orc (Orc:2)
  13 fungi
  13 plants
27 creatures vanquished.

Grand Total: 385 creatures vanquished

Notes
Turn   | Place    | Note
-------+----------+-------------------------------------------
     0 | D:1      | tidbits the Felid Earth Elementalist began the quest for the Orb.
     0 | D:1      | Reached XP level 1. HP: 7/7 MP: 4/4
    88 | D:1      | Reached skill level 3 in Stealth
   150 | D:1      | Reached skill level 1 in Unarmed Combat
   166 | D:1      | Reached XP level 2. HP: 11/11 MP: 4/6
   170 | D:1      | Learned a level 2 spell: Passwall
   247 | D:2      | Reached skill level 4 in Stealth
   247 | D:2      | Reached XP level 3. HP: 14/14 MP: 1/7
   332 | D:2      | Reached skill level 2 in Unarmed Combat
   541 | D:2      | Noticed Sigmund
   542 | D:2      | Found a stormy altar of Qazlal.
   554 | D:2      | Killed Sigmund
   554 | D:2      | Reached skill level 6 in Stealth
   554 | D:2      | Reached skill level 3 in Unarmed Combat
   554 | D:2      | Reached XP level 4. HP: 9/18 MP: 8/8
   554 | D:2      | Reached XP level 5. HP: 11/21 MP: 9/9
   633 | D:2      | Learned a level 1 spell: Confusing Touch
   707 | D:1      | Reached skill level 1 in Hexes
   776 | D:2      | Noticed a water elemental
   776 | D:2      | Noticed an air elemental
   776 | D:2      | Noticed a fire elemental
   954 | D:4      | Noticed raph's ghost (novice HuIE)
   991 | D:4      | Found a blossoming altar of Fedhas.
   993 | D:4      | Found a shadowy altar of Dithmenos.
  1006 | D:4      | Reached skill level 2 in Hexes
  1006 | D:4      | Gained mutation: You are covered in thick fur. (AC +2) [Felid growth]
  1006 | D:4      | Reached XP level 6. HP: 10/24 MP: 1/10
  1074 | D:4      | Reached skill level 3 in Hexes
  1165 | D:5      | Entered Level 5 of the Dungeon
  1170 | D:5      | Reached skill level 4 in Hexes
  1214 | D:5      | Reached skill level 5 in Hexes
  1220 | D:5      | Reached skill level 6 in Hexes
  1286 | D:5      | Reached XP level 7. HP: 27/27 MP: 7/11
  1400 | D:5      | Noticed a hippogriff
  1421 | D:5      | Learned a level 3 spell: Confuse
  1443 | D:5      | Found an ancient bone altar of Kikubaaqudgha.
  1447 | D:5      | Found Wetept's Weapon Shoppe.
  1455 | D:5      | Bought 27 stones for 37 gold pieces
  1550 | D:5      | Found a glowing drain.
  1562 | Sewer    | Entered a sewer
  1719 | Sewer    | Reached skill level 4 in Unarmed Combat
  1757 | Sewer    | Reached skill level 3 in Dodging
  1864 | Sewer    | Reached skill level 1 in Fighting
  2086 | D:5      | Bought 18 stones for 25 gold pieces
  2086 | D:5      | Bought 20 stones for 28 gold pieces
  2086 | D:5      | Bought 21 stones for 29 gold pieces
  2168 | D:5      | Killed a hippogriff
  2168 | D:5      | Reached skill level 2 in Fighting
  2168 | D:5      | Reached skill level 4 in Dodging
  2168 | D:5      | Reached skill level 7 in Stealth
  2168 | D:5      | Reached skill level 5 in Unarmed Combat
  2168 | D:5      | Reached XP level 8. HP: 21/33 MP: 9/12
  2241 | D:6      | Found a radiant altar of Vehumet.
  2443 | D:6      | Found a sacrificial altar of Ru.
  2655 | D:4      | Found a staircase to the Ecumenical Temple.
  2660 | Temple   | Entered the Ecumenical Temple
  2667 | Temple   | Became a worshipper of the Wu Jian Council
  2697 | D:4      | Found a shattered altar of Ashenzari.
  2697 | D:4      | Found a white marble altar of Elyvilon.
  2815 | D:4      | Found a bloodstained altar of Trog.
  2836 | D:4      | Reached skill level 5 in Dodging
  2896 | D:6      | Gained mutation: You are resistant to hostile enchantments. (MR+) [potion of mutation]
  2896 | D:6      | Gained mutation: Your system is resistant to poisons. (rPois) [potion of mutation]
  2897 | D:6      | Identified a scroll of acquirement
  2899 | D:6      | Got a flickering lapis lazuli ring
  2901 | D:6      | Identified the ring "Soaty" {rElec Int+2 Dex+2 SInv} (You acquired it on level 6 of the Dungeon)
  2977 | D:7      | Reached skill level 2 in Transmutations
  2977 | D:7      | Reached skill level 3 in Earth Magic
  3008 | D:8      | Noticed a hippogriff
  3021 | D:8      | Noticed a two-headed ogre
  3032 | D:8      | Killed a hippogriff
  3032 | D:8      | Reached skill level 3 in Transmutations
  3047 | D:8      | Killed a two-headed ogre
  3047 | D:8      | Reached skill level 5 in Transmutations
  3047 | D:8      | Reached skill level 5 in Earth Magic
  3047 | D:8      | Reached XP level 9. HP: 31/37 MP: 11/13
  3054 | D:8      | Learned a level 4 spell: Petrify
  3120 | D:8      | Found a basalt altar of Yredelemnul.
  3120 | D:8      | Noticed Gastronok
  3155 | D:8      | Reached skill level 6 in Unarmed Combat
  3199 | D:8      | Reached skill level 8 in Stealth
  3350 | D:8      | Found Umniropt's Weapon Emporium.
  3355 | D:8      | Bought 23 stones for 29 gold pieces
  3355 | D:8      | Bought 17 stones for 22 gold pieces
  3377 | D:8      | Killed Gastronok
  3377 | D:8      | Reached skill level 10 in Stealth
  3377 | D:8      | Reached skill level 8 in Unarmed Combat
  3377 | D:8      | Reached XP level 10. HP: 31/41 MP: 11/14
  3467 | D:7      | Reached skill level 11 in Stealth
  3468 | D:7      | Found an ornate altar of the Wu Jian Council.
  3514 | D:7      | Reached * piety under Wu Jian
  3599 | D:7      | Noticed Prince Ribbit
  3606 | D:7      | Killed Prince Ribbit
  3671 | D:10     | Entered Level 10 of the Dungeon
  3687 | D:10     | Reached skill level 3 in Fighting
  3888 | D:11     | Noticed Erolcha
  3901 | D:11     | Killed Erolcha
  3901 | D:11     | Reached skill level 4 in Fighting
  3901 | D:11     | Reached skill level 6 in Dodging
  3901 | D:11     | Reached skill level 12 in Stealth
  3901 | D:11     | Reached skill level 9 in Unarmed Combat
  3957 | D:12     | HP: 4/43 [big kobold/whip (5)]
  4004 | D:12     | Reached ** piety under Wu Jian
  4045 | D:12     | Got a smoking ruby amulet
  4047 | D:12     | Identified the amulet "Nilod" {*Slow +Rage rC- rN+++ Str+6} (You acquired it on level 12 of the Dungeon)
  4304 | D:9      | Found a burning altar of Makhleb.
  4367 | D:9      | Found a deep blue altar of Sif Muna.
  4566 | D:10     | Noticed a two-headed ogre
  4568 | D:10     | Killed a two-headed ogre
  4568 | D:10     | Reached skill level 7 in Dodging
  4568 | D:10     | Reached XP level 11. HP: 46/46 MP: 15/15
  4603 | D:10     | Noticed a two-headed ogre
  4609 | D:10     | Killed a two-headed ogre
  4609 | D:10     | Reached skill level 5 in Fighting
  4907 | D:10     | Found a staircase to the Orcish Mines.
  4913 | D:10     | Reached *** piety under Wu Jian
  4923 | Orc:1    | Entered Level 1 of the Orcish Mines
  5105 | Orc:1    | Noticed an orc sorcerer
  5118 | Orc:1    | Killed an orc sorcerer
  5118 | Orc:1    | Reached skill level 3 in Spellcasting
  5219 | Orc:2    | Entered Level 2 of the Orcish Mines
  5219 | Orc:2    | Noticed an ettin
  5283 | Orc:1    | Found a roughly hewn altar of Beogh.
  5292 | Orc:1    | Found Plog's Antique Weapon Emporium.
  5342 | Orc:1    | Reached skill level 4 in Spellcasting
  5364 | Orc:2    | Found a staircase to the Elven Halls.
  5386 | Orc:2    | Noticed an orc sorcerer
  5388 | Orc:2    | Noticed an orc sorcerer
  5389 | Orc:2    | Noticed an orc sorcerer
  5394 | Orc:2    | Found Neuhec's Antique Armour Shop.
  5398 | Orc:2    | Found a labyrinth entrance.
  5400 | Orc:2    | Noticed a two-headed ogre
  5408 | Lab      | Entered a labyrinth
  5772 | Lab      | Noticed a minotaur
  5773 | Lab      | Killed a minotaur
  5773 | Lab      | Reached skill level 8 in Dodging
  5773 | Lab      | Reached skill level 13 in Stealth
  5773 | Lab      | Reached skill level 10 in Unarmed Combat
  5804 | Orc:2    | Killed an ettin
  5839 | Orc:1    | Reached **** piety under Wu Jian
  6164 | D:8      | Noticed Psyche
  6166 | D:8      | Killed Psyche
  6237 | D:8      | Found a staircase to the Lair.
  6259 | Lair:1   | Entered Level 1 of the Lair of Beasts
  6267 | Lair:1   | Reached skill level 6 in Transmutations
  6267 | Lair:1   | Reached skill level 1 in Evocations
  6348 | Lair:1   | Reached skill level 6 in Earth Magic
  6348 | Lair:1   | Reached skill level 2 in Evocations
  6370 | Lair:1   | Noticed Grum
  6380 | Lair:1   | Killed Grum
  6424 | Lair:2   | Gained mutation: Your thick and shaggy fur keeps you warm. (AC +3, rC+) [Felid growth]
  6424 | Lair:2   | Reached XP level 12. HP: 50/52 MP: 19/19
  6432 | Lair:2   | Reached skill level 3 in Evocations
  6568 | Lair:3   | Reached skill level 7 in Transmutations
  6669 | Lair:4   | Reached skill level 6 in Fighting
  6730 | Lair:6   | Entered Level 6 of the Lair of Beasts
  6730 | Lair:6   | Noticed Nessos
  6730 | Lair:6   | Noticed a death yak
  6730 | Lair:6   | Noticed a death yak
  6730 | Lair:6   | Noticed a death yak
  6730 | Lair:6   | Noticed a death yak
  6730 | Lair:6   | Noticed a six-headed hydra
  6732 | Lair:6   | Killed a six-headed hydra
  6734 | Lair:6   | Noticed a death yak
  6793 | Lair:5   | Found a runed door.
  6793 | Lair:5   | Found a viscous altar of Jiyva.
  6793 | Lair:5   | Found a staircase to the Slime Pits.
  6793 | Lair:5   | Noticed an azure jelly
  6793 | Lair:5   | Noticed an azure jelly
  6867 | Lair:5   | Reached skill level 9 in Dodging
  7031 | Lair:5   | Identified the Grimoire of Beguiling (You acquired it on level 5 of the Lair of Beasts)
  7143 | Lair:6   | Reached skill level 7 in Earth Magic
  7148 | Lair:6   | Learned a level 3 spell: Mephitic Cloud
  7152 | Lair:6   | Noticed a catoblepas
  7156 | Lair:6   | Killed a catoblepas
  7173 | Lair:6   | Noticed a death yak
  7181 | Lair:6   | Reached skill level 1 in Conjurations
  7181 | Lair:6   | Reached skill level 1 in Air Magic
  7181 | Lair:6   | Reached skill level 1 in Poison Magic
  7182 | Lair:6   | Noticed a death yak
  7285 | Lair:6   | Reached ***** piety under Wu Jian
  7292 | Lair:6   | Learned a level 5 spell: Lee's Rapid Deconstruction
  7307 | Lair:6   | Killed Nessos
  7307 | Lair:6   | Reached skill level 2 in Conjurations
  7307 | Lair:6   | Reached skill level 2 in Air Magic
  7307 | Lair:6   | Reached skill level 2 in Poison Magic
  7396 | Lair:6   | Reached skill level 5 in Spellcasting
  7559 | Lair:3   | Reached skill level 6 in Spellcasting
  7568 | Lair:3   | Found a transporter.
  7594 | Lair:3   | Noticed a five-headed hydra
  7595 | Lair:3   | Found a transporter.
  7604 | Lair:3   | Killed a five-headed hydra
  7729 | Lair:3   | Reached XP level 13. HP: 29/56 MP: 22/24
  7775 | Lair:3   | HP: 5/56 [acid (15)]
  7775 | Lair:3   | Killed from afar by an oklob plant
  7776 | Lair:3   | Reached XP level 12. HP: -10/53 MP: 23/23
  7785 | Lair:3   | Reached skill level 7 in Spellcasting
  8141 | Lair:2   | Found a staircase to the Snake Pit.
  8290 | Lair:2   | Found a staircase to the Shoals.
  8293 | Lair:2   | Slain by a merfolk
  8294 | Lair:2   | Reached XP level 11. HP: -5/49 MP: 20/23
  8294 | Lair:2   | Quit the game

Skill      XL: |  1  2  3  4  5  6  7  8  9 10 11 12 |
---------------+-------------------------------------+-----
Stealth        | 3 4 6 7 10 12 13 | 13.2
Unarmed Combat | 1 3 5 8 9 10 | 10.8
Hexes          | 2 6 |  6.8
Dodging        | 4 5 7 8 9 |  9.1
Fighting       | 2 4 5 6 |  6.5
Transmutations | 5 6 7 |  7.1
Earth Magic    | 5 6 7 |  7.1
Spellcasting   | 4 7 |  7.6
Evocations     | 2 3 |  3.7
Conjurations   | 2 |  2.3
Air Magic      | 2 |  2.3
Poison Magic   | 2 |  2.2

Action                   |  1- 3 |  4- 6 |  7- 9 | 10-12 | 13-15 || total
-------------------------+-------+-------+-------+-------+-------++-------
Melee: Unarmed           |    11 |    43 |   176 |   557 |     2 ||   789
       Bite              |     1 |     4 |    18 |    61 |       ||    84
       Punch             |       |     2 |     2 |    27 |       ||    31
 Cast: Sandblast         |    26 |    22 |   108 |    22 |       ||   178
       Passwall          |       |     8 |    15 |    46 |     1 ||    70
       Confusing Touch   |       |     5 |    22 |    49 |       ||    76
       Confuse           |       |       |    12 |    40 |       ||    52
       Petrify           |       |       |       |    64 |       ||    64
       Mephitic Cloud    |       |       |       |     7 |       ||     7
Invok: Lunge             |       |       |    17 |   101 |       ||   118
       Whirlwind         |       |       |       |   185 |       ||   185
       Wall Jump         |       |       |       |    16 |       ||    16
Evoke: Wand              |       |       |       |    15 |       ||    15
  Use: Potion            |     4 |     2 |     9 |     5 |     1 ||    21
       Scroll            |       |       |    11 |    22 |     1 ||    34
 Stab: Distracted        |     1 |       |     2 |     1 |       ||     4
       Sleeping          |     2 |    11 |    25 |    48 |     2 ||    88
       Confused          |       |     3 |    19 |    65 |       ||    87
       Petrified         |       |       |       |    30 |       ||    30
       Petrifying        |       |       |       |    10 |       ||    10
       Paralysed         |       |       |       |     2 |       ||     2
       Betrayed ally     |       |       |       |     2 |       ||     2
  Eat: Chunk             |       |     2 |    10 |    25 |       ||    37
       Ration            |       |       |       |     2 |       ||     2
Armor: Skin              |       |       |    16 |    12 |       ||    28
Dodge: Dodged            |    11 |    36 |   162 |   319 |     1 ||   529

Table legend:
 A = Turns spent in this place as a percentage of turns spent in the entire game.
 B = Non-inter-level travel turns spent in this place as a percentage of non-inter-level travel turns spent in the entire game.
 C = Inter-level travel turns spent in this place as a percentage of turns spent in this place.
 D = Turns resting spent in this place as a percentage of non-inter-level travel turns spent in this place.
 E = Turns spent auto-exploring this place as a percentage of non-inter-level travel turns spent in this place.
 F = Non-inter-level travel turns spent in this place divided by the number of levels of this place that you've seen.
                   A       B       C       D       E      F
               +-------+-------+-------+-------+-------+----------------------
         Total | 100.0 | 100.0 |   0.8 |   0.0 |   0.0 | 357.8
       Dungeon |  57.3 |  57.4 |   0.5 |   0.0 |   0.0 | 393.9
        Temple |   0.2 |   0.2 |   0.0 |   0.0 |   0.0 |  15.0
          Lair |  24.5 |  24.5 |   0.8 |   0.0 |   0.0 | 336.3
  Orcish Mines |   7.6 |   7.4 |   3.5 |   0.0 |   0.0 | 302.5
     Labyrinth |   4.5 |   4.5 |   0.0 |   0.0 |   0.0 | 373.0
         Sewer |   5.9 |   6.0 |   0.0 |   0.0 |   0.0 | 491.0
               +-------+-------+-------+-------+-------+----------------------

Table legend:
 A = Kills in this place as a percentage of kills in entire the game.
 B = Kills by you in this place as a percentage of kills by you in the entire game.
 C = Kills by friends in this place as a percentage of kills by friends in the entire game.
 D = Other kills in this place as a percentage of other kills in the entire game.
 E = Experience gained in this place as a percentage of experience gained in the entire game.
 F = Experience gained in this place divided by the number of levels of this place that you have seen.
                   A       B       C       D       E      F
               +-------+-------+-------+-------+-------+----------------------
         Total | 100.0 | 100.0 | 100.0 | 100.0 | 100.0 | 1792.4
       Dungeon |  53.8 |  54.5 |  10.0 |  83.3 |  35.7 | 1227.5
          Lair |  21.6 |  22.6 |   0.0 |   0.0 |  53.6 | 3681.7
  Orcish Mines |  10.9 |   8.8 |  90.0 |   0.0 |   7.1 | 1459.5
     Labyrinth |   0.3 |   0.3 |   0.0 |   0.0 |   2.6 | 1078.0
         Sewer |  13.4 |  13.8 |   0.0 |  16.7 |   1.0 | 408.0
               +-------+-------+-------+-------+-------+----------------------

Vault maps used:
D:1:      dpeg_cavernosity
D:2:      nicolae_qazlal_style_of_elements, uniq_sigmund
D:4:      amethyst_overflow_temple_binary, grunt_temple_overflow_open,
          kennysheep_mini_moat, temple_doors_e, uniq_pikel
D:5:      overflow_temple_1_default, serial_shops, nicolae_shop_crystal,
          cheibrodos_sewer_entry_bend, first_ration
D:6:      vehumet_crystals, lemuel_doored_altar
D:7:      basic_altar, trog_ov_bears_minmay, uniq_prince_ribbit1
D:8:      yredelemnul_altar_generic, dpeg_oklobed_lair, serial_shops,
          kennysheep_little_box, minmay_misc_feat_chi, nicolae_lava_and_water,
          grunt_ogre_cave, uniq_gastronok, uniq_psyche
D:9:      marbit_many_paths, kennysheep_mini, cheibrodos_worm_habitat,
          chequers_big_river
D:10:     david_orc_4, roderic_serpentine_path
D:11:     uniq_erolcha
Temple:   compressed_dpeg_triangle_lava_temple
Lair:1:   beast_lair_carwin_7, uniq_joseph, uniq_grum
Lair:2:   elwin_shoals_entry_stream, minmay_snake_entry_guardpost_medium
Lair:3:   gammafunk_cloud_chamber, minmay_lair_oklob_chamber
Lair:4:   beast_lair_carwin_5
Lair:5:   slime_altar_2
Lair:6:   evilmike_catoblepas_cave, uniq_nessos
Orc:1:    serial_shops, nicolae_shop_temple_entry_statues_fountains, basic_altar
Orc:2:    grunt_orc_cross, serial_shops, shop, lab_entry_generic
Sewer:    sewer_minmay_treatment
